Arrhythmia, neutral female human Tourist ----- ------- |...| |.....| |...| |......# |$..| |.....|# --------------- |Y@s-# |.....|# |...%.)[......| ---.-# -----.-### ##..............| # ####################### |.............| # ### ### ---.----------- ## # # ##### # ######### # ######## # ### #------.---.----- ---.----+- #|..............| |........| #.....<....(....| |.).[....| |..............| |........| ---------------- ---------- Arrhythmia the Peregrinatrix Experience level: 10 Strength: 15 Dexterity: 17 Constitution: 18 Intelligence: 11 Wisdom: 7 Charisma: 10 Health: 0(88) Energy: 33(33) AC: -4 Gold: 500 Moves: 13013 Your Inventory: Coins $ - 500 gold pieces Weapons U - an uncursed +0 runed dagger [elven] (weapon in hand) Armor h - an uncursed +0 Hawaiian shirt (being worn) m - an [uncursed] +0 dwarvish mithril-coat (being worn) p - a blessed +0 pair of gloves called normie [leather] (being worn) E - a [blessed] +0 pair of hard shoes [iron] (being worn) S - a blessed +2 helmet called regular [helmet] (being worn) Z - an uncursed +0 cloak of displacement (being worn) Comestibles b - 5 uncursed food rations P - an uncursed lizard corpse Scrolls N - an [uncursed] scroll of teleportation Potions t - 3 uncursed potions of extra healing O - an [uncursed] clear potion [of water] Tools e - an uncursed +0 unicorn horn f - an uncursed bag [of holding] i - an uncursed expensive camera (0:91) r - an uncursed +0 pick-axe v - an uncursed towel y - an uncursed leash H - an uncursed key [skeleton key] Contents of the bag of holding: an uncursed scroll labeled NR 9 [of identify] a blessed scroll labeled VE FORBRYDERNE [of remove curse] an uncursed scroll labeled VE FORBRYDERNE [of remove curse] a blessed scroll labeled ZLORFIK [of light] 3 uncursed scrolls of magic mapping a cursed potion of extra healing an uncursed wand of fire [0:3] Spells known in the end: Name Level Category Fail Memory Your skills at the end: Fighting Skills body armor [Basic / Basic] shield [Basic / Basic] Weapon Skills dagger [Expert / Expert] dart [Basic / Expert] Spellcasting Skills Final Attributes: You were piously aligned. Hunger level was 133. Your alignment was 74 / 75. Monster difficulty range was 1 - 9. Level difficulty was 8. You resisted electricity. You resisted poison. You were telepathic. You had automatic searching. You were displaced. You were held by an owlbear. Your luck was zero. You are dead. Vanquished creatures: a watch captain a ghost a large cat a gargoyle a dwarf king a tengu an elf mummy 4 ettin zombies 2 leather golems 4 watchmen a crocodile a giant beetle a quivering blob a cockatrice 4 leprechauns an orc-captain 2 mumakil a giant spider 2 black lights a vampire bat 2 orc mummies a dwarf mummy 4 ogres 4 brown puddings an owlbear 2 yetis a lizard a dingo 4 jaguars a white unicorn a black unicorn 3 ravens 2 plains centaurs a gnome mummy 2 apes 3 human zombies 3 rope golems 3 Woodland-elves 2 soldier ants a bugbear an imp a water nymph 9 Uruk-hai an orc shaman 2 rock piercers an enormous rat 2 ponies a fog cloud 2 yellow lights a shrieker 2 violet fungi 8 gnome lords 2 gnomish wizards a kobold mummy 2 red naga hatchlings a black naga hatchling a gray ooze 2 elf zombies 3 ghouls 2 paper golems 8 giant ants a little dog 3 floating eyes 11 dwarves 3 homunculi 3 kobold lords 5 rothes 3 rabid rats a centipede 3 giant bats a monkey 6 dwarf zombies a wererat an iguana 3 acid blobs 4 coyotes 4 hobbits 5 manes a large kobold 5 giant rats 7 cave spiders a brown mold a yellow mold 2 green molds a red mold 51 gnomes 15 garter snakes a gnome zombie 6 geckos 3 jackals 2 foxes a kobold 4 goblins a sewer rat 8 grid bugs 4 lichens a kobold zombie 8 newts 308 creatures vanquished. Voluntary challenges: You used a wielded weapon 650 times. You read items or engraved 882 times. You put on armor 42 times. You never genocided any monsters. You never polymorphed an object. You never changed form. You used no wishes. You wrote Elbereth's name 340 times. You encountered 1 bones level. You never used any Sokoban shortcuts. Dungeon overview: The Dungeons of Doom: levels 1 to 8 Level 1 a long staircase Level 2 some fountains Level 3 stairs to The Gnomish Mines Level 4 a fountain Level 6 many fountains Level 7 a fountain stairs to Sokoban Level 8 <- You were here The Gnomish Mines: levels 4 to 8 Level 4 stairs to The Dungeons of Doom Level 5 (magic trap) Level 6 (magic trap) Level 6 some shops, a temple, a magic chest, some fountains Sokoban: levels 5 to 6 Level 6 a magic chest stairs to The Dungeons of Doom History has recorded: On T:1 you entered the Dungeons of Doom to retrieve the Amulet of Yendor! On T:418 you reached level 2 of The Dungeons of Doom. On T:423 you advanced to experience level 2. On T:945 you reached level 3 of The Dungeons of Doom. On T:969 you advanced to experience level 3. On T:1369 you advanced to experience level 4. On T:1650 you reached level 1 of The Gnomish Mines. On T:1718 you advanced to experience level 5. On T:1959 you advanced to experience level 6. On T:2476 you reached level 2 of The Gnomish Mines. On T:3320 you advanced to experience level 7. On T:4316 you reached level 4 of The Gnomish Mines. On T:4587 you advanced to experience level 8. On T:6157 you reached level 5 of The Gnomish Mines. On T:7765 you advanced to experience level 9. On T:8826 you reached level 4 of The Dungeons of Doom. On T:9186 you reached level 5 of The Dungeons of Doom. On T:9585 you reached level 6 of The Dungeons of Doom. On T:10227 you reached level 7 of The Dungeons of Doom. On T:10231 you reached level 8 of The Dungeons of Doom. On T:10558 you reached level 3 of Sokoban. On T:10977 you reached level 2 of Sokoban. On T:12489 you advanced to experience level 10. Latest messages: You begin praying to The Lady. You are surrounded by a shimmering light. The scorpion starts to attack you, but pulls back. The owlbear loosens its grip slightly. The scorpion starts to attack you, but pulls back. The owlbear loosens its grip slightly. The scorpion starts to attack you, but pulls back. The owlbear loosens its grip slightly. You finish your prayer. You feel that The Lady is well-pleased. [3 turns] t - 3 uncursed potions of extra healing. The scorpion hits! (2x) The scorpion stings! The owlbear hits! (2x) You are being crushed. The scorpion hits! (2x) The scorpion stings! You die... Final status: Aloha Arrhythmia the Tourist... You died in The Dungeons of Doom on dungeon level 8 with 6783 points, and 500 pieces of gold, after 13013 moves. You were level 10 with a maximum of 88 hit points when you died.